 Dungeon Crawl Stone Soup version 0.20-a0-548-g4f8a798 (webtiles) character file.

53 Ijustatesigmund the Sneak (level 4, -1/24 HPs)
             Began as a Kobold Wizard on Feb 1, 2017.
             Slain by an adder (4 damage)
             ... on level 2 of the Dungeon.
             The game lasted 00:05:32 (1665 turns).

Ijustatesigmund the Sneak (Kobold Wizard)           Turns: 1665, Time: 00:05:33

Health: -1/24      AC:  2    Str:  4    XL:     4   Next: 11%
Magic:  1/8        EV: 20    Int: 20    God:
Gold:   65         SH:  0    Dex: 18    Spells: 1/9 levels left

rFire    . . .     SeeInvis .   h - +0 dagger (pain)
rCold    . . .     Gourm    .   a - +0 robe
rNeg     . . .     Faith    .   (shield restricted)
rPois    .         Spirit   .   b - +0 hat
rElec    .         Reflect  .   (no cloak)
rCorr    .         Harm     .   (no gloves)
MR       .....                  (no boots)
Stlth    ++++......             (no amulet)
Regen    0.1/turn               (no ring)
                                (no ring)

@: agile, repel missiles
A: carnivore 3
a: no special abilities


You were on level 2 of the Dungeon.
You were completely stuffed.

You visited 1 branch of the dungeon, and saw 2 of its levels.

You collected 65 gold pieces.

Inventory:

Hand Weapons
 g - a +0 short sword
 h - a +0 dagger of pain (weapon)
Armour
 a - a +0 robe (worn)
 b - a +0 hat (worn)
Scrolls
 i - a scroll of teleportation
Potions
 f - a potion of brilliance {unknown}
Books
 c - a book of Minor Magic

   Spells                             Type                      Level
   a - Magic Dart                     Conjuration                  1
   b - Blink                          Translocation                2
   c - Call Imp                       Summoning                    2
   d - Repel Missiles                 Charms/Air                   2
   e - Slow                           Hexes                        2
   f - Conjure Flame                  Conjuration/Fire             3
   g - Mephitic Cloud                 Conjuration/Poison/Air       3
Comestibles
 d - 2 meat rations
 j - a chunk of flesh


   Skills:
 + Level 1.5 Short Blades
 - Level 2.4 Dodging
 + Level 4.2 Stealth
 - Level 3.2 Spellcasting
 + Level 2.4 Conjurations
   Level 1.0 Summonings
 - Level 1.0 Translocations


You had one spell level left.
You knew the following spells:

 Your Spells              Type           Power        Failure   Level  Hunger
a - Magic Dart            Conj           ##..         6%          1    None
b - Blink                 Tloc           N/A          17%         2    ##.....
c - Repel Missiles        Chrm/Air       #.....       24%         2    ##.....
d - Mephitic Cloud        Conj/Pois/Air  #.......     30%         3    ###....


Dungeon Overview and Level Annotations

Branches:
Dungeon (2/15)

Altars:
Makhleb
Vehumet


Innate Abilities, Weirdness & Mutations

You are small and have problems with some larger weapons.
You are carnivorous and can eat meat at any time.


Message History

As you read the scroll labeled YTIODY EXYIM, it crumbles to dust.
You feel strangely unstable.
It was a scroll of teleportation.
You start resting.
You feel sick.
Your surroundings suddenly seem different.
An adder comes into view.
The adder hisses angrily.
The adder closely misses you.
Found a pair of boots and 11 stones.
A dart slug comes into view.
It was a potion of agility.
You feel agile all of a sudden. The adder bites you.
* * * LOW HITPOINT WARNING * * *
The adder completely misses you.
You barely miss the adder. The adder misses you.
You closely miss the adder.
You feel sick.
You are no longer poisoned.
The adder bites you.
You die...

........#
.......#
......#
....(#
....#
#...#
#...#
#S@.#
#......#
.#
.........#
.# #.
......[###
#.# ...
..w....
..#....
..####.
..#.... .
#. .....#
.. .....#.


You could see an adder and a dart slug.

Vanquished Creatures
  2 adders (D:2)
  2 oozes (D:1)
  A dart slug (D:1)
  A leopard gecko (D:1)
  A ball python (D:1)
  3 goblins (D:1)
  5 hobgoblins
  A kobold (D:1)
  A quokka (D:2)
  4 bats
  3 rats (D:1)
24 creatures vanquished.

Notes
Turn   | Place    | Note
-------+----------+-------------------------------------------
     0 | D:1      | Ijustatesigmund the Kobold Wizard began the quest for the Orb.
     0 | D:1      | Reached XP level 1. HP: 10/10 MP: 4/4
   101 | D:1      | Reached skill level 3 in Stealth
   273 | D:1      | Reached XP level 2. HP: 15/15 MP: 4/6
   277 | D:1      | Learned a level 2 spell: Blink
   280 | D:1      | Learned a level 2 spell: Repel Missiles
   774 | D:1      | Reached XP level 3. HP: 19/19 MP: 1/7
   838 | D:1      | Learned a level 3 spell: Mephitic Cloud
  1227 | D:1      | Reached skill level 4 in Stealth
  1521 | D:2      | Found a radiant altar of Vehumet.
  1521 | D:2      | Found a burning altar of Makhleb.
  1612 | D:2      | Reached skill level 1 in Short Blades
  1651 | D:2      | Reached XP level 4. HP: 8/24 MP: 0/8
  1665 | D:2      | Slain by an adder

Vault maps used:
D:1:      nicolae_arrival_memento_mori
D:2:      gammafunk_temple_overflow_statue, grunt_ministairs_9, uniq_jessica

Skill      XL: |  1  2  3 |
---------------+----------+-----
Stealth        | 3 4 |  4.2
Conjurations   | 2 |  2.4
Short Blades   | 1 |  1.5
Dodging        | |  2.4
Spellcasting   | |  3.2
Summonings     | |  1.0
Translocations | |  1.0

Action                   |  1- 3 |  4- 6 || total
-------------------------+-------+-------++-------
Melee: Short sword       |    10 |       ||    10
       Dagger            |    14 |     2 ||    16
 Cast: Magic Dart        |    63 |     1 ||    64
       Repel Missiles    |     1 |       ||     1
  Use: Scroll            |     1 |     1 ||     2
       Potion            |       |     1 ||     1
 Stab: Sleeping          |     2 |       ||     2
  Eat: Chunk             |    11 |       ||    11
Armor: Robe              |     3 |       ||     3
Dodge: Dodged            |    27 |     3 ||    30
